General information
- name: Partida local (miguel)
- type: Custom game
- host: miguel
- saver: miguel
map: Forestwalk
- players: 3
- length: 24:37
- speed: Fast
- version: 1.26 W3XP
- replay type: Public
» download(134 KB)
Players
team 1 (winner)
miguel (
brown | 51 APM | 1260 actions | 24:37)
8 Archmage
3 Blizzard
3 Summon Water Elemental
1 Mass Teleport
1 Brilliance Aura
3 Mountain King
2 Storm Bolt
1 Bash
» actions
| Assign group hotkey | 50 | |
| Basic commands | 5 | |
| Build / train | 122 | |
| Enter build submenu | 28 | |
| Enter hero's abilities submenu | 11 | |
| Give item / drop item | 1 | |
| Remove unit from queue | 2 | |
| Right click | 523 | |
| Select / deselect | 362 | |
| Select group hotkey | 53 | |
| Use ability | 103 | |
1260 total
» units
| Peasant | 18 | |
| Footman | 3 | |
| Rifleman | 9 | |
| Mortar Team | 4 | |
| Priest | 5 | |
| Sorceress | 5 | |
| Knight | 5 | |
| Dragonhawk Rider | 11 | |
| Gryphon Rider | 1 | |
| Siege Engine | 3 | |
64 total
» upgrades
| Lumber Harvesting | 2 | |
| Sorceress Training | 1 | |
| Cloud | 1 | |
| Priest Training | 1 | |
| Animal War Training | 1 | |
| Long Rifles | 1 | |
7 total
» buildings
| Altar of Kings | 1 | |
| Farm | 11 | |
| Arcane Vault | 1 | |
| Barracks | 1 | |
| Lumber Mill | 1 | |
| Blacksmith | 1 | |
| Keep | 1 | |
| Scout Tower | 6 | |
| Town Hall | 1 | |
| Guard Tower | 9 | |
| Workshop | 1 | |
| Arcane Sanctum | 1 | |
| Castle | 1 | |
| Arcane Tower | 1 | |
| Gryphon Aviary | 1 | |
38 total
» build order
00:05 Altar of Kings
00:07 Farm
00:30 Arcane Vault
00:57 Farm
01:30 Barracks
01:55 Lumber Mill
02:08 Farm
03:00 Blacksmith
04:06 Keep
04:42 Farm
05:13 Scout Tower
05:15 Scout Tower
05:17 Scout Tower
05:23 Scout Tower
05:29 Town Hall
05:47 Guard Tower
05:54 Guard Tower
07:01 Guard Tower
07:09 Workshop
07:38 Farm
08:28 Arcane Sanctum
08:38 Farm
08:40 Farm
09:14 Castle
09:44 Guard Tower
10:00 Guard Tower
10:06 Scout Tower
10:09 Scout Tower
10:35 Arcane Tower
10:42 Guard Tower
11:11 Gryphon Aviary
11:41 Farm
11:42 Farm
12:45 Farm
12:47 Farm
20:18 Guard Tower
20:27 Guard Tower
20:56 Guard Tower
» items
| Scroll of Regeneration | 6 | |
| Lesser Clarity Potion | 3 | |
| Mechanical Critter | 1 | |
| Ivory Tower | 6 | |
| Scroll of Town Portal | 2 | |
| Potion of Mana | 2 | |
| Potion of Healing | 3 | |
| Orb of Fire | 1 | |
24 total
team 2 (loser)
kodachi (
pink | 55 APM | 1270 actions | 23:13)
5 Far Seer
3 Feral Spirit
2 Chain Lighting
2 Shadow Hunter
1 Healing Wave
1 Hex
» actions
| Assign group hotkey | 17 | |
| Build / train | 73 | |
| Enter build submenu | 21 | |
| Enter hero's abilities submenu | 7 | |
| Remove unit from queue | 3 | |
| Right click | 684 | |
| Select / deselect | 308 | |
| Select group hotkey | 67 | |
| Use ability | 90 | |
1270 total
» units
| Peon | 13 | |
| Grunt | 11 | |
| Troll Headhunter/Berserker | 4 | |
| Wind Rider | 3 | |
| Spirit Walker | 2 | |
| Raider | 4 | |
37 total
» upgrades
| Pillage | 1 | |
| Berserker Strength | 1 | |
| Witch Doctor Training | 1 | |
| Spirit Walker Training | 1 | |
| Ensnare | 1 | |
5 total
» buildings
| Altar of Storms | 1 | |
| Orc Burrow | 7 | |
| Barracks | 2 | |
| War Mill | 2 | |
| Voodoo Lounge | 1 | |
| Watch Tower | 5 | |
| Stronghold | 1 | |
| Great Hall | 1 | |
| Beastiary | 2 | |
| Spirit Lodge | 1 | |
23 total
» build order
00:13 Altar of Storms
00:19 Orc Burrow
00:28 Barracks
01:51 Orc Burrow
02:14 War Mill
03:00 Voodoo Lounge
03:42 Watch Tower
05:25 Stronghold
05:31 Orc Burrow
05:32 Orc Burrow
06:37 Watch Tower
06:40 Watch Tower
07:22 Barracks
07:33 Watch Tower
08:14 War Mill
09:32 Great Hall
09:47 Orc Burrow
10:21 Watch Tower
11:43 Beastiary
11:49 Beastiary
11:55 Spirit Lodge
15:09 Orc Burrow
15:11 Orc Burrow
» items
| Healing Salve | 6 | |
| Lesser Clarity Potion | 4 | |
| Staff of Teleportation | 1 | |
| Periapt of Vitality | 1 | |
| Potion of Healing | 4 | |
| Potion of Mana | 2 | |
18 total
team 3 (loser)
cazademonios (
red | 51 APM | 554 actions | 10:46)
2 Demon Hunter
1 Mana Burn
1 Evasion
» actions
| Assign group hotkey | 14 | |
| Basic commands | 2 | |
| Build / train | 31 | |
| Enter build submenu | 11 | |
| Enter hero's abilities submenu | 2 | |
| Remove unit from queue | 1 | |
| Right click | 322 | |
| Select / deselect | 128 | |
| Select group hotkey | 23 | |
| Use ability | 20 | |
554 total
» units
| Wisp | 14 | |
| Archer | 5 | |
| Huntress | 5 | |
| Glaive Thrower | 1 | |
25 total
» buildings
| Moon Well | 5 | |
| Altar of Elders | 1 | |
| Ancient of War | 2 | |
| Tree of Ages | 1 | |
| Hunter's Hall | 1 | |
| Ancient Protector | 1 | |
| Ancient of Wonders | 1 | |
| Tree of Eternity | 1 | |
13 total
» build order
00:10 Moon Well
00:15 Altar of Elders
00:35 Ancient of War
03:17 Moon Well
03:45 Tree of Ages
04:18 Moon Well
04:26 Ancient of War
04:33 Hunter's Hall
05:52 Tree of Ages
07:09 Ancient Protector
07:34 Ancient of Wonders
07:54 Moon Well
08:01 Moon Well
08:42 Tree of Eternity
Chat log
(00:39 / All) kodachi: achoo
(00:45 / All) kodachi: está acelerada la partida??
(00:46 / All) cazademonios: k pasa
(01:01 / All) miguel: pero vos soloco
(01:03 / All) cazademonios: ni ideao
(22:29 / All) kodachi: ç
(22:31 / All) kodachi: alskdflñkasjdf